Map: Pillars of Gold LE

Players

Lambo - Winner!

  • Race: Zerg Zerg
  • League: Grandmaster
  • Spawn Location: 1:00

MarineLorD

  • Race: Terran Terran
  • Spawn Location: 7:00

Event: DreamHack SC2 Masters 2020 Summer Europe

VOD

Have the link to the VOD?

Description

Time

  • Played on: June 30, 2020, 11:32 a.m.
  • Length: 14:12

All games in this series

Show
View Real Time Build Order
Export as new Build Order

Lambo Zerg - Winner!

Build Orders: Hatch First 

Get SALT Encoding   

  12  0:00  Drone  
  13  0:12  Overlord  
  13  0:17  Drone  
  14  0:30  Drone x2  
  16  0:49  Hatchery  
  15  0:53  Drone  
  16  0:58  Drone  
  16  1:02  Drone  
  18  1:11  Extractor  
  18  1:17  Spawning Pool  
  16  1:21  Drone  
  16  1:24  Drone  
  18  1:28  Drone  
  19  1:39  Drone  
  20  1:52  Overlord  
  20  2:03  Queen  
  20  2:04  Zergling x4, Queen  
  26  2:13  Metabolic Boost  
  26  2:15  Drone  
  27  2:17  Drone  
  27  2:22  Drone  
  29  2:24  Drone  
  29  2:38  Drone x2  
  31  2:46  Overlord  
  31  2:50  Overlord  
  31  2:53  Pneumatized Carapace  
  31  3:06  Drone  
  31  3:07  Hatchery  
  31  3:10  Drone  
  32  3:13  Drone  
  32  3:18  Drone x3  
  36  3:25  Queen  
  39  3:27  Drone  
  39  3:31  Drone  
  39  3:32  Drone  
  41  3:41  Drone x2  
  43  3:49  Overlord  
  43  3:55  Overlord  
  43  3:57  Overlord  
  43  4:06  Queen x2  
  43  4:08  Drone x4  
  51  4:15  Zergling x4  
  53  4:18  Zergling x4  
  53  4:22  Drone x2  
  57  4:24  Drone x2  
  57  4:28  Queen  
  57  4:30  Overlord  
  61  4:31  Drone  
  61  4:33  Drone x3  
  61  4:35  Drone  
  61  4:37  Evolution Chamber  
  65  4:40  Evolution Chamber  
  65  4:45  Drone x3  
  67  4:48  Queen  
  67  4:52  Spore Crawler x2  
  68  4:54  Zergling x4  
  68  4:56  Drone  
  70  5:01  Drone  
  70  5:04  Zerg Ground Armor Level 1  
  70  5:06  Drone x3, Extractor  
  70  5:07  Extractor  
  72  5:09  Spore Crawler, Drone  
  72  5:14  Drone  
  72  5:17  Drone x3  
  72  5:18  Zerg Melee Weapons Level 1  
  72  5:19  Drone  
  72  5:20  Drone  
  78  5:21  Drone  
  78  5:24  Drone x2  
  78  5:25  Overlord  
  81  5:31  Overlord  
  81  5:34  Lair, Overlord  
  81  5:36  Extractor  
  81  5:41  Overlord  
  80  5:43  Overlord, Queen  
  80  5:44  Drone  
  80  5:46  Overlord  
  80  5:48  Drone  
  84  6:00  Zergling x10  
  89  6:04  Hatchery  
  89  6:06  Drone x5  
  90  6:12  Drone x2  
  90  6:14  Drone  
  90  6:19  Drone  
  90  6:22  Drone x2  
  89  6:26  Drone x2  
  89  6:29  Drone  
  82  6:40  Drone x4  
  82  6:41  Drone  
  82  6:46  Drone x3  
  89  6:54  Zergling x6  
  89  6:59  Baneling Nest  
  91  7:05  Zergling x10  
  96  7:10  Overlord  
  96  7:11  Zergling x2  
  96  7:13  Hatchery  
  96  7:18  Zergling x8  
  96  7:21  Zergling x8  
  102  7:25  Zergling x4  
  102  7:27  Zergling x2, Roach Warren  
  102  7:33  Zergling x4  
  102  7:36  Zergling x2  
  104  7:39  Drone  
  104  7:43  Drone x5  
  110  7:44  Centrifical Hooks  
  110  7:46  Zerg Melee Weapons Level 2  
  110  7:48  Zergling x6  
  110  7:51  Overlord  
  113  7:56  Zergling x14  
  114  7:58  Drone  
  114  8:04  Drone x2  
  117  8:10  Drone x4  
  117  8:12  Spore Crawler, Drone x2  
  121  8:16  Drone  
  121  8:19  Extractor  
  119  8:20  Drone x6  
  119  8:23  Drone x2  
  119  8:26  Drone x2  
  129  8:31  Drone  
  129  8:33  Glial Reconstitution  
  129  8:34  Drone x2  
  132  8:35  Drone  
  132  8:38  Extractor x2  
  131  8:46  Drone x3  
  131  8:48  Spine Crawler  
  133  8:49  Overlord  
  133  8:50  Spore Crawler, Roach x8  
  133  8:55  Drone x2  
  149  8:56  Overlord  
  149  8:57  Overlord, Spire  
  149  9:02  Extractor  
  147  9:03  Overlord  
  147  9:05  Baneling x6  
  147  9:07  Zerg Missile Weapons Level 1  
  147  9:08  Drone x3  
  158  9:10  Roach x4  
  158  9:12  Overlord  
  158  9:18  Drone x3  
  158  9:19  Ravager x7  
  158  9:20  Overlord, Ravager  
  158  9:22  Baneling x3  
  158  9:23  Zergling x12  
  175  9:28  Zergling x2  
  175  9:31  Zergling x14  
  175  9:34  Ravager x4  
  186  9:39  Overlord  
  186  9:41  Overlord  
  186  9:47  Zergling x10  
  186  9:50  Baneling x6  
  191  9:54  Drone x3  
  191  9:56  Extractor  
  191  9:57  Overlord  
  191  9:59  Baneling x4  
  193  10:00  Overseer  
  193  10:02  Drone x3  
  193  10:05  Infestation Pit, Zergling x18, Spore Crawler  
  193  10:06  Hatchery  
  197  10:11  Baneling x5  
  197  10:12  Zergling x4  
  199  10:20  Spine Crawler  
  198  10:21  Overlord  
  198  10:22  Spine Crawler  
  198  10:23  Baneling x10  
  198  10:24  Hatchery  
  198  10:28  Overlord  
  192  10:31  Zergling x16  
  199  10:49  Zergling x28, Roach  
  172  10:57  Roach x5  
  172  11:01  Hive  
  169  11:06  Roach x6  
  169  11:08  Roach x4  
  169  11:11  Roach  
  184  11:14  Ravager  
  184  11:15  Roach x6  
  195  11:22  Roach x3  
  195  11:23  Queen  
  195  11:25  Ravager x5  
  199  11:28  Zergling x2, Roach  
  199  11:31  Zergling x4  
  196  11:32  Baneling x2  
  196  11:33  Ravager x4, Baneling x6  
  196  11:39  Baneling x14  
  196  11:40  Ravager  
  196  11:44  Zergling x8  
  200  11:51  Spore Crawler  
  199  11:55  Zerg Missile Weapons Level 2  
  193  12:02  Zergling x12  
  193  12:05  Spine Crawler, Spore Crawler  
  190  12:10  Zergling x38  
  191  12:17  Ravager x4  
  191  12:19  Zergling x16  
  191  12:25  Zergling x2  
  191  12:26  Zergling x6  
  195  12:33  Baneling x10  
  195  12:38  Baneling x14  
  195  12:40  Zergling x10  
  200  12:49  Baneling x8  
  168  12:59  Zergling x20  
  168  13:00  Zergling x2  
  168  13:01  Zergling x18  
  168  13:02  Zergling x2  
  168  13:03  Roach x4  
  158  13:10  Roach x5  
  162  13:14  Drone x2  
  162  13:15  Drone x4  
  162  13:18  Drone x2  
  162  13:19  Spore Crawler  
  167  13:21  Spine Crawler, Roach  
  167  13:22  Drone x2  
  167  13:25  Ravager x4  
  174  13:27  Baneling x4  
  174  13:28  Baneling x5  
  174  13:33  Ravager x5  
  179  13:37  Baneling x7  
  179  13:39  Zergling x6  
  182  13:43  Roach  
  182  13:44  Zergling x4, Roach  
  182  13:46  Drone x3  
  191  13:49  Zergling x8  
  191  13:53  Zergling x8  
Show
View Real Time Build Order
Export as new Build Order

MarineLorD Terran 

Build Orders: Liberator Opening, Reaper Expand, Mech 

Get SALT Encoding   

  12  0:00  SCV  
  13  0:12  SCV  
  14  0:17  Supply Depot  
  14  0:25  SCV  
  15  0:39  SCV  
  15  0:40  Barracks  
  16  0:44  Refinery  
  16  0:51  SCV  
  17  1:03  SCV  
  18  1:15  SCV  
  19  1:27  Reaper  
  19  1:28  Orbital Command  
  20  1:42  Command Center  
  20  1:51  Supply Depot  
  20  1:53  SCV  
  21  1:59  Marine  
  22  2:05  SCV  
  23  2:15  Factory  
  23  2:17  SCV, Marine  
  25  2:29  SCV  
  26  2:36  Barracks Reactor  
  26  2:41  SCV  
  27  2:52  Command Center  
  27  2:53  SCV  
  27  2:56  Orbital Command  
  28  3:05  Starport  
  28  3:06  SCV  
  28  3:10  Refinery  
  29  3:20  SCV  
  29  3:22  SCV  
  29  3:24  Hellion x2  
  35  3:32  Barracks Tech Lab  
  35  3:33  SCV  
  37  3:34  SCV  
  37  3:45  SCV  
  37  3:46  SCV  
  39  3:49  Hellion x2, Liberator  
  46  4:04  SCV x2, Orbital Command  
  46  4:05  Supply Depot  
  48  4:10  Hellion x2  
  48  4:16  SCV x2  
  54  4:28  Supply Depot  
  54  4:29  SCV x3  
  57  4:32  Liberator  
  57  4:35  Hellion x2  
  64  4:38  Supply Depot  
  64  4:41  SCV x3  
  64  4:43  Refinery  
  64  4:45  Refinery  
  67  4:51  Supply Depot  
  67  4:53  SCV x3  
  70  5:03  Hellion x2, Supply Depot  
  70  5:05  SCV x3  
  77  5:13  Factory  
  77  5:15  Factory  
  77  5:16  Starport Reactor  
  77  5:20  SCV x2, Orbital Command  
  79  5:32  SCV x2  
  79  5:35  Armory x2, Engineering Bay  
  81  5:44  SCV x2  
  83  5:51  Hellion x2  
  83  5:53  SCV  
  83  5:56  SCV x2  
  90  6:01  Refinery  
  90  6:05  SCV  
  90  6:06  Refinery  
  90  6:08  SCV x2  
  93  6:16  Hellion  
  93  6:17  SCV, Hellion  
  96  6:20  SCV x2  
  96  6:25  Factory Tech Lab x2  
  92  6:29  SCV  
  92  6:30  Terran Vehicle Weapons Level 1, Terran Vehicle And Ship Armor Level 1  
  92  6:32  SCV x2  
  85  6:38  Hellion x2  
  89  6:41  SCV  
  89  6:44  SCV  
  86  6:48  Liberator x2  
  86  6:49  Siege Tank x2  
  86  6:53  SCV  
  86  6:54  SCV, Missile Turret  
  100  6:56  Supply Depot  
  100  6:57  Missile Turret  
  100  7:02  Supply Depot  
  100  7:05  SCV, Missile Turret, Factory  
  101  7:08  Factory  
  101  7:10  Supply Depot  
  101  7:11  Supply Depot  
  101  7:17  SCV x2  
  101  7:20  Command Center  
  103  7:24  Infernal Pre-Igniter  
  103  7:32  Hellion  
  103  7:33  Hellion  
  103  7:36  Thor x2  
  117  7:44  Supply Depot  
  117  7:54  Hellion x2  
  117  7:56  Liberator x2  
  117  7:57  Factory Tech Lab  
  117  7:58  Factory Reactor  
  113  8:04  Supply Depot  
  113  8:05  Sensor Tower  
  113  8:08  Supply Depot  
  113  8:10  SCV  
  113  8:11  SCV  
  114  8:17  Hellion  
  114  8:18  Hellion x2  
  123  8:24  Hellion x2  
  123  8:28  Terran Vehicle Weapons Level 2  
  123  8:29  Factory  
  123  8:30  Factory  
  123  8:31  Terran Vehicle And Ship Armor Level 2  
  123  8:32  Factory  
  123  8:35  Missile Turret  
  123  8:36  Command Center  
  123  8:47  Missile Turret  
  123  8:48  Refinery  
  123  8:49  Missile Turret  
  123  8:52  Siege Tank x2  
  123  8:53  Hellion x4  
  123  8:55  Refinery  
  137  9:00  Missile Turret  
  137  9:01  Planetary Fortress  
  137  9:02  SCV x3  
  140  9:14  Sensor Tower, Factory Tech Lab  
  140  9:15  Factory Tech Lab  
  140  9:17  Factory Reactor  
  140  9:23  Siege Tank  
  143  9:24  Siege Tank  
  143  9:25  SCV x3  
  149  9:31  Smart Servos  
  149  9:33  Hellion x4  
  149  9:37  SCV  
  158  9:41  Liberator x2  
  164  9:46  Siege Tank  
  164  9:50  Missile Turret  
  164  9:51  Command Center  
  167  9:54  Hellion x3  
  171  10:11  Missile Turret  
  171  10:13  Hellion, Siege Tank x3  
  171  10:14  Hellion x2  
  186  10:18  Mag-Field Accelerator  
  186  10:27  Hellion  
  184  10:35  Missile Turret  
  184  10:40  Command Center  
  184  10:41  Command Center  
  156  10:50  Siege Tank x3  
  156  10:51  Liberator  
  156  10:53  Hellion x3  
  156  10:56  Hellion x2  
  147  11:05  Orbital Command  
  141  11:11  Siege Tank  
  141  11:12  Hellion x2  
  145  11:22  Hellion x4  
  147  11:27  SCV  
  147  11:28  SCV x2  
  147  11:29  SCV  
  135  11:33  SCV  
  137  11:40  SCV x3  
  137  11:41  Fusion Core  
  136  11:54  Liberator x2  
  136  11:56  Thor x4  
  162  12:09  Hellion x2  
  162  12:13  Siege Tank  
  162  12:14  Hellion  
  160  12:16  SCV x3  
  160  12:17  SCV x2  
  160  12:18  Orbital Command  
  157  12:28  SCV x2, Refinery  
  157  12:29  SCV x3, Hellion x3  
  168  12:39  Siege Tank  
  168  12:43  Advanced Ballistics  
  171  12:46  Orbital Command  
  171  12:47  Missile Turret  
  171  12:51  Thor  
  173  13:02  SCV x3  
  173  13:03  SCV  
  138  13:14  SCV  
  138  13:15  SCV x2  
  138  13:16  SCV  
  138  13:17  Hellion x2, Siege Tank x4  
  138  13:18  Hellion x4  
  168  13:43  Missile Turret  
  168  13:45  Hellion, Missile Turret, Sensor Tower  
Tags
 
Add a new tag
Caveats
  • Supply blocks, unpowered buildings, or Contaminate may cause inaccurate times.
  • Supply counts are checked every 10 seconds.